 Dungeon Crawl Stone Soup version 0.29.1-13-g9f3cf754e1 (webtiles) character file.

Game seed: 17407570354936112455

116 Iago the Covered (level 4, -2/36 (40) HPs)
             Began as a Minotaur Fighter on Jan 26, 2023.
             Killed from afar by an orc wizard (7 damage)
             ... with a magic dart
             ... on level 3 of the Dungeon on Jan 29, 2023.
             The game lasted 00:08:17 (2190 turns).

Iago the Covered (Minotaur Fighter)                 Turns: 2190, Time: 00:08:19

HP:   -2/36 (40)    AC:  7    Str: 23    XL:     4   Next: 70%
MP:   3/3           EV:  9    Int:  5    God:
Gold: 49            SH:  4    Dex:  9    Spells: 3/3 levels left

rFire   . . .      SeeInvis .   a - +0 war axe
rCold   . . .      Faith    .   c - +0 buckler
rNeg    . . .      Spirit   .   q - +0 scale mail
rPois   .          Reflect  .   (helmet restricted)
rElec   .          Harm     .   m - scarf {repulsion}
rCorr   .          Rampage  .   (no gloves)
Will    .....                   (no boots)
Stlth   ..........              n - amulet of magic regeneration
HPRegen 0.12/turn               p - ring of wizardry
MPRegen 0.48/turn               (no ring)

@: heavily drained, repel missiles
A: horns 2, retaliatory headbutt
a: no special abilities


You were on level 3 of the Dungeon.
You visited 1 branch of the dungeon, and saw 3 of its levels.

You collected 49 gold pieces.

Inventory:

Hand Weapons
 a - a +0 war axe (weapon)
 b - a +3 whip of electrocution
Missiles
 k - 10 stones
 r - 8 poisoned darts (quivered)
Armour
 c - a +0 buckler (worn)
 m - a scarf of repulsion (worn)
 q - a +0 scale mail (worn)
Jewellery
 n - an amulet of magic regeneration (around neck)
 p - a ring of wizardry (left hand)
Scrolls
 e - 2 scrolls of enchant armour {unknown}
 f - 2 scrolls of identify {unknown}
 g - a scroll of teleportation {unknown}
 i - 2 scrolls of noise {unknown}
Potions
 d - 3 potions of might
 h - 2 potions of curing {unknown}
 j - a potion of heal wounds {unknown}
 l - a potion of attraction {unknown}
 o - a potion of magic {unknown}


   Skills:
 * Level 4.1 Fighting
 * Level 3.8 Axes
 * Level 4.6 Armour
 * Level 0.8 Dodging
 * Level 4.2 Shields
 * Level 0.7 Invocations
 * Level 0.4 Evocations


You had 3 spell levels left.
You didn't know any spells.
Your spell library contained the following spells:

 Spells                   Type           Power      Damage    Failure   Level
 Conjure Flame            Conj/Fire      0%         6-21      87%         3
 Ignite Poison            Fire/Tmut/Pois 0%         N/A       87%         3
 Sticky Flame             Conj/Fire      0%         2d3       99%         4


Dungeon Overview and Level Annotations

Branches:
Dungeon (3/15)

Altars:


Innate Abilities, Weirdness & Mutations

You have a pair of horns on your head.
You reflexively headbutt those who attack you in melee.


Message History

You kill the orc!
You hit the orc.
You kill the orc!
No target in view!
Things that are here:
a +0 short sword; an orc corpse
There is a stone staircase leading down, spattered with blood here.
You climb downwards.
The adder bites you but does no damage. x2
There is a stone staircase leading up here.
You slash the adder!
You kill the adder!
You climb upwards.
There is a stone staircase leading down, spattered with blood here.
You start resting.
HP restored.
You climb downwards.
There is a stone staircase leading up here.
You climb upwards.
There is a stone staircase leading down, spattered with blood here.
You climb downwards.
There is a stone staircase leading up here.
The orc wizard casts a spell at you. The magic dart hits you!
You climb upwards.
There is a stone staircase leading down, spattered with blood here.
You start resting.
HP restored.
You climb downwards.
The orc priest invokes the aid of Beogh against you.
Beogh smites you!
The orc wizard hits you but does no damage.
There is a stone staircase leading up, spattered with blood here.
You closely miss the orc wizard. Your headbutt misses the orc wizard.
The orc priest calls down the wrath of Beogh upon you.
Beogh smites you!
* * * LOW HITPOINT WARNING * * *
The orc wizard hits you but does no damage.
The orc wizard casts a spell at you. The magic dart hits you!
You die...

..o...#... .
.....#... ..
..o...... ...
...>..... ....
#........ ....
#........
..##..####........
.......@o.o.......
..#...####<.......
..(.# #.....###
... #.##### . #.#
#.# ... ...


You could see an orc priest and an orc wizard.

Vanquished Creatures
  An orc wizard (D:2)
  2 adders
  A worm (D:2)
  A dart slug (D:1)
  2 orcs (D:2)
  8 ball pythons
  4 endoplasms
  4 giant cockroaches
  4 hobgoblins
  6 jackals
  7 kobolds
  2 quokkas
  7 bats
  4 goblins
  7 rats
60 creatures vanquished.

Notes
Turn   | Place    | Note
-------+----------+-------------------------------------------
     0 | D:1      | Iago the Minotaur Fighter began the quest for the Orb.
     0 | D:1      | Reached XP level 1. HP: 19/19 MP: 0/0
    70 | D:1      | Reached XP level 2. HP: 27/27 MP: 1/1
   356 | D:1      | Reached XP level 3. HP: 31/33 MP: 2/2
  1132 | D:2      | Reached XP level 4. HP: 38/40 MP: 3/3
  2190 | D:3      | Killed from afar by an orc wizard

Illustrated notes

Levels and vault maps discovered:
D:1:      saegor_arrival_simple_a, layout_basic
D:2:      layout_rooms
D:3:      layout_rooms, mainiacjoe_overflow_swirl, serial_shops,
          nicolae_shop_temple_entry_statues_fountains,
          nicolae_kite_square_tiling_tiny, uniq_crazy_yiuf_cottage

Skill      XL: |  1  2  3 |
---------------+----------+-----
Armour         | 4 |  4.6
Shields        | 4 |  4.2
Fighting       | 4 |  4.1
Axes           | 3 |  3.8
Dodging        | |  0.8
Invocations    | |  0.7
Evocations     | |  0.4

Action                   |  1- 3 |  4- 6 || total
-------------------------+-------+-------++-------
Melee: War axe           |   101 |    14 ||   115
       Headbutt          |     9 |       ||     9
Armor: Scale mail        |    69 |    12 ||    81
Dodge: Dodged            |    58 |    11 ||    69
Block: Buckler           |    28 |     4 ||    32
